 Dungeon Crawl Stone Soup version 0.21-a0-584-g185da8e (webtiles) character file.

237109 SpeedyPerson7 the Champion of Chaos (level 18, -13/174 HPs)
             Began as a Deep Dwarf Fighter on Dec 21, 2017.
             Was the Champion of Makhleb.
             Hit by a large rock thrown by a stone giant (24 damage)
             ... on level 2 of the Vaults.
             The game lasted 00:48:38 (27255 turns).

SpeedyPerson7 the Champion of Chaos (DDFi)         Turns: 27255, Time: 00:48:39

Health: -13/174    AC: 20    Str: 30    XL:     18   Next: 52%
Magic:  9/9        EV: 11    Int: 10    God:    Makhleb [******]
Gold:   1588       SH: 20    Dex: 12    Spells: 17/17 levels left

rFire    . . .     SeeInvis .   v - +3 broad axe (flame)
rCold    + . .     Gourm    .   S - +0 shield {reflect}
rNeg     + . .     Faith    .   V - +2 chain mail {rPois}
rPois    +         Spirit   .   p - +1 hat {MR+}
rElec    .         Reflect  +   k - +1 cloak
rCorr    .         Harm     .   O - +1 pair of gloves {Str+3}
MR       ++++.                  (no boots)
Stlth    ..........             N - +5 amulet of reflection
HPRegen  0.00/turn              M - ring of protection from magic
MPRegen  0.11/turn              C - ring of protection from cold

@: non-regenerating
A: damage resistance, heal wounds, negative energy resistance 1, sense
surroundings 3, no regeneration
}: 2/15 runes: decaying, gossamer
a: Heal Wounds, Minor Destruction, Lesser Servant of Makhleb, Major Destruction,
Greater Servant of Makhleb, Renounce Religion


You were on level 2 of the Vaults.
You worshipped Makhleb.
Makhleb was exalted by your worship.
You were not hungry.

You visited 6 branches of the dungeon, and saw 32 of its levels.

You collected 2568 gold pieces.
You spent 980 gold pieces at shops.

Inventory:

Hand Weapons
 v - a +3 broad axe of flaming (weapon)
 G - a +3 broad axe of chopping
Armour
 a - a +0 plate armour of cold resistance
 k - a +1 cloak (worn)
 p - a +1 hat of magic resistance (worn)
 O - a +1 pair of gloves of strength (worn)
 S - a +0 shield of reflection (worn)
 V - a +2 chain mail of poison resistance (worn)
 Z - a +1 large shield of cold resistance
Jewellery
 A - a +3 ring of protection
 C - a ring of protection from cold (right hand)
 M - a ring of protection from magic (left hand)
 N - a +5 amulet of reflection (around neck)
 P - an uncursed ring of poison resistance
Wands
 b - a wand of digging (44)
 g - a wand of acid (13)
 m - a wand of scattershot (2)
 D - a wand of iceblast (32)
 E - a wand of enslavement (15)
 J - a wand of paralysis (29)
 Q - a wand of polymorph (13)
 U - a wand of flame (64)
Scrolls
 i - 9 scrolls of identify
 n - 9 scrolls of magic mapping
 o - 7 scrolls of enchant armour
 r - 15 scrolls of remove curse
 s - 2 scrolls of summoning {!r}
 t - 13 scrolls of teleportation
 x - 5 scrolls of blinking
 y - 5 scrolls of fear
 B - a scroll of brand weapon
 F - 2 scrolls of vulnerability {!r}
 I - 3 scrolls of immolation
 K - 2 scrolls of silence {!r}
 T - 4 scrolls of fog
 X - 2 scrolls of holy word
Potions
 c - 8 potions of curing
 d - 6 potions of might
 f - 5 potions of haste
 h - 3 potions of heal wounds
 j - 7 potions of flight
 l - 5 potions of cancellation
 q - 4 potions of lignification {!q}
 u - 2 potions of invisibility
 w - 4 potions of ambrosia
 z - 2 potions of berserk rage
 L - 3 potions of agility
 R - 2 potions of resistance
 W - 2 potions of degeneration {!q}
 Y - 2 potions of brilliance
Comestibles
 e - 45 rations
 H - 2 chunks of flesh


   Skills:
 * Level 13.7 Fighting
 - Level 18.0 Axes
 + Level 11.0 Armour
 + Level 3.6 Dodging
 - Level 15.0 Shields
 * Level 23.0 Invocations


You had 17 spell levels left.
You didn't know any spells.

Dungeon Overview and Level Annotations

Branches:
Dungeon (15/15)            Temple (1/1) D:4            Lair (6/6) D:11
  Swamp (4/4) Lair:3       Spider (4/4) Lair:2        Slime (0/5) Lair:6
 Vaults (2/5) D:14          Crypt (0/3) Vaults:2     Depths (0/5) D:15
    Orc: D:9-12

Altars:
Ashenzari
Cheibriados
Dithmenos
Elyvilon
Fedhas
Gozag
Hepliaklqana
Kikubaaqudgha
Makhleb
Nemelex Xobeh
Okawaru
Qazlal
Ru
Sif Muna
Trog
Uskayaw
Vehumet
Wu Jian
Xom
Yredelemnul
Zin
The Shining One

Shops:
D:8 *   D:14 ?   Vaults:2 *

Annotations:
D:5 exclusion: door
Lair:1 exclusion: oklob plant


Innate Abilities, Weirdness & Mutations

You are resistant to damage.
You can heal yourself by infusing magical energy.
You resist negative energy. (rN+)
You passively map a large area around you.
You do not regenerate.


Message History

You slash the stone giant! You burn the stone giant.
The stone giant is lightly wounded.
You completely miss the ironbrand convoker.
You completely miss the rakshasa. The rakshasa hits you with a whip!
The stone giant hits you!!
* * * LOW HITPOINT WARNING * * *
You are too injured to fight recklessly!
A demon appears!
A demon appears!
The rakshasa weaves an illusion.
The stone giant shimmers and seems to become two!
The stone giant hits you!!
* * * LOW HITPOINT WARNING * * *
A great orb of eyes comes into view.
The stone giant throws a large rock.
You reflect the large rock off your +0 shield of reflection!
The large rock hits the stone giant!!
The large rock disappears in a puff of smoke!
The stone giant throws a large rock.
The large rock hits you!!
You die...

##...# ,, , ,,*
#..#.# , ,* * ,
#....# , ,* #.#..# ,
' #.#..# ,. , *
#...##, ,.., ##...#,,
.C., * ,
########..#(####.C# ,
*, ,
#......#).4@#..p.# ,
,
#......#.#4.#p...#..,
,
#......).#.CC....'..
#......#...##R...#..
, * ,
#....(.##...#....# *
, *
#..(...#....####..# ,
, ############# ...
,, G. ,* *, ' .


You could see 2 stone giants, a rakshasa, a friendly orange demon and a friendly
hellwing.

Vanquished Creatures
  Nikola (Swamp:3)
  Rupert (Spider:1)
  Frances (Swamp:2)
  Donald (Swamp:2)
  A thorn hunter (Swamp:4)
  Louise (Swamp:3)
  A ghost moth (Spider:4)
  5 vault wardens
  4 emperor scorpions
  Aizul (Spider:1)
  2 stone giants (Vaults:2)
  4 ironheart preservers (Vaults:1)
  2 very ugly things
  An entropy weaver (Spider:1)
  A dire elephant (D:15)
  2 spark wasps
  2 fire dragons
  4 yaktaur captains
  A great orb of eyes (Vaults:1)
  2 rakshasas
  4 ice dragons
  6 vault guards
  14 hydras
  A death knight (D:11)
  3 ogre magi (Vaults:1)
  8 centaur warriors
  14 two-headed ogres
  7 alligators
  8 death yaks
  8 death scarabs (Spider:4)
  2 tengu warriors (D:14)
  Sonja (D:15)
  The ghost of sithsevirus the Basher, a novice GrFi of Okawaru (D:7)
  4 skeletal warriors (D:14)
  7 unseen horrors
  2 shambling mangroves
  10 swamp dragons
  2 glowing orange brains (Vaults:1)
  A glowing orange brain (shapeshifter) (Vaults:2)
  The ghost of Mandevil the Spear-Bearer, a novice MfIE of Vehumet (D:8)
  A harpy (shapeshifter) (Vaults:2)
  4 ironbrand convokers
  A necromancer (Vaults:2)
  3 wizards
  10 orb spiders
  3 orc knights
  4 spectral wolf spiders (Spider:4)
  A wolf spider zombie (Spider:4)
  15 ugly things
  4 cyclopes
  A manticore (D:11)
  An orc sorcerer (Vaults:1)
  18 wolf spiders
  A salamander (D:15)
  8 moths of wrath
  Maurice (D:13)
  A stone giant skeleton (Vaults:2)
  Joseph (D:10)
  An elephant (Lair:6)
  15 spiny frogs
  5 vault sentinels
  3 torpor snails
  A gargoyle (D:14)
  A rime drake (Lair:2)
  A spectral redback (Spider:4)
  2 spiny frogs (shapeshifter)
  3 freezing wraiths
  5 komodo dragons
  An efreet (D:14)
  8 yaktaurs
  7 demonic crawlers
  A human zombie (Vaults:2)
  30 jumping spiders
  5 polar bears
  A harpy zombie (D:15)
  3 spectral tarantellas (Spider:4)
  3 trolls
  10 blink frogs
  6 tyrant leeches
  A tyrant leech (shapeshifter) (Vaults:1)
  15 hornets
  A raiju (shapeshifter) (Vaults:1)
  5 spectral jumping spiders (Spider:4)
  27 slime creatures
  A blink frog (shapeshifter) (Vaults:1)
  4 bog bodies
  A dream sheep (Lair:6)
  10 hippogriffs
  3 jumping spider zombies (Spider:4)
  A stone giant simulacrum (Vaults:2)
  18 spriggans
  3 shadows
  55 redbacks
  25 tarantellas
  5 water elementals (D:14)
  A wraith (Vaults:1)
  2 wyverns
  The ghost of Curus the Chopper, an amateur HOAK of Lugonu (D:4)
  A basilisk (D:15)
  15 vampire mosquitoes
  3 hungry ghosts
  19 yaks
  Menkaure (D:5)
  2 wargs
  2 human simulacra
  6 insubstantial wisps (Swamp:3)
  17 swamp worms
  2 acid dragons
  14 water moccasins
  12 porcupines
  2 hell hounds (D:11)
  A spectral hornet (Spider:4)
  A floating eye (shapeshifter) (Vaults:1)
  A hornet zombie (Spider:4)
  4 ice beasts
  An eye of draining (D:9)
  10 swamp drakes
  2 phantoms
  6 sky beasts
  5 black bears
  5 orc warriors
  4 necrophages (Swamp:4)
  12 ogres
  51 wolves
  5 boggarts
  6 crocodiles
  An elf simulacrum (Vaults:1)
  8 centaurs
  2 big kobolds
  Blork the orc (D:6)
  23 bullfrogs
  2 water moccasin zombies
  A wyvern skeleton (D:7)
  A wyvern zombie (D:9)
  A water moccasin skeleton (D:9)
  7 scorpions
  9 killer bees (D:11)
  20 wights
  6 howler monkeys
  10 electric eels
  A bullfrog zombie (D:9)
  5 crimson imps
  6 lava snakes (D:12)
  17 jellies
  4 orc priests
  5 hounds
  4 centaur skeletons
  Jessica (D:2)
  A bullfrog skeleton (D:10)
  23 worker ants
  An iguana (D:9)
  12 orc wizards
  A killer bee zombie (D:9)
  A hound zombie (D:5)
  A howler monkey skeleton (D:6)
  13 adders
  7 gnolls
  3 shadow imps
  2 white imps (Lair:4)
  An ooze (Lair:6)
  9 worms
  2 dart slugs
  3 leopard geckos
  28 orcs
  2 ball pythons
  10 giant cockroaches
  10 goblins
  6 hobgoblins
  8 jackals
  8 quokkas
  11 bats
  3 frilled lizards
  A jackal skeleton (D:5)
  21 kobolds
  2 leopard gecko zombies (D:6)
  8 rats
  A fungus (Lair:4)
  5 plants
1060 creatures vanquished.

Vanquished Creatures (collateral kills)
  the Lernaean hydra (Swamp:4)
  Gastronok (Lair:3)
  An emperor scorpion (Spider:4)
  Fannar (Lair:3)
  A rakshasa (Vaults:2)
  4 hydras
  A two-headed ogre (D:10)
  Urug (D:10)
  A death yak (Lair:6)
  A swamp dragon (Swamp:4)
  A phantasmal warrior (D:11)
  A wolf spider zombie (Spider:4)
  A stone giant zombie (Vaults:2)
  3 wolf spiders (Spider:4)
  A black mamba (Lair:2)
  4 spiny frogs
  A rime drake (Lair:2)
  A freezing wraith (D:11)
  A jumping spider (Spider:4)
  2 hornets
  A polar bear (Lair:6)
  2 blink frogs (Lair:1)
  3 redbacks (Spider:4)
  2 tarantellas (Spider:4)
  9 yaks
  A basilisk (Lair:1)
  A vampire mosquito (D:14)
  A swamp worm (Swamp:3)
  2 porcupines
  A boggart (Vaults:2)
  3 wolves (Lair:6)
  A bullfrog (Lair:1)
  A white imp (Lair:4)
  A giant cockroach (Lair:2)
  A jackal (D:10)
  2 kobolds (D:10)
  A butterfly (Lair:4)
  2 plants
64 creatures vanquished.

Vanquished Creatures (others)
  A lich (Vaults:1)
  A vault warden (Vaults:2)
  A stone giant (Vaults:2)
  A ghoul (D:1)
  An octopode (D:1)
  A gargoyle (D:1)
  An elf (D:1)
  A hornet (Swamp:4)
  2 spriggans
  A tarantella (Spider:1)
  2 vampires (D:1)
  A human (D:1)
  A dwarf (D:1)
  An ogre (D:1)
  2 mummies (D:1)
  3 kobolds (D:1)
  A quokka (D:13)
  10 plants
  5 tentacles (D:1)
37 creatures vanquished.

Grand Total: 1161 creatures vanquished

Notes
Turn   | Place    | Note
-------+----------+-------------------------------------------
     0 | D:1      | SpeedyPerson7 the Deep Dwarf Fighter began the quest for the Orb.
     0 | D:1      | Reached XP level 1. HP: 20/20 MP: 1/1
     2 | D:1      | Noticed an octopode
     2 | D:1      | Noticed an elf
     2 | D:1      | Noticed an ogre
     2 | D:1      | Noticed a spriggan
     2 | D:1      | Noticed a human
     2 | D:1      | Noticed a kraken
     2 | D:1      | Noticed a ghoul
     2 | D:1      | Noticed a gargoyle
     2 | D:1      | Noticed a vampire
     2 | D:1      | Noticed a vampire
     2 | D:1      | Noticed a dwarf
     5 | D:1      | Killed a spriggan
     6 | D:1      | Killed an octopode
     7 | D:1      | Killed an elf
     8 | D:1      | Killed an ogre
    11 | D:1      | Killed a gargoyle
    16 | D:1      | Killed a dwarf
    18 | D:1      | Killed a vampire
    18 | D:1      | Killed a ghoul
    19 | D:1      | Killed a human
    20 | D:1      | Killed a vampire
   112 | D:1      | Reached XP level 2. HP: 27/27 MP: 2/2
   534 | D:2      | Reached XP level 3. HP: 30/34 MP: 3/3
   707 | D:2      | Found a basalt altar of Yredelemnul.
   814 | D:2      | Found a sparkling altar of Nemelex Xobeh.
   822 | D:2      | Noticed an ice beast
   841 | D:2      | Killed an ice beast
   841 | D:2      | Reached XP level 4. HP: 26/42 MP: 3/3
   841 | D:2      | Reached XP level 5. HP: 30/49 MP: 4/4
   891 | D:2      | Found a glowing silver altar of Zin.
  1148 | D:2      | Noticed Jessica
  1153 | D:2      | Killed Jessica
  1399 | D:3      | Reached skill level 5 in Axes
  1415 | D:3      | Reached XP level 6. HP: 44/57 MP: 5/5
  1492 | D:3      | Noticed an orc warrior
  1519 | D:3      | Killed an orc warrior
  1573 | D:3      | Reached skill level 5 in Shields
  2243 | D:4      | Found an opulent altar of Gozag.
  2250 | D:4      | Reached XP level 7. HP: 46/64 MP: 4/4
  2356 | D:4      | Found a staircase to the Ecumenical Temple.
  2417 | Temple   | Entered the Ecumenical Temple
  2623 | Temple   | Became a worshipper of Makhleb the Destroyer
  2703 | D:4      | Noticed Curus's ghost (amateur HOAK)
  2726 | D:4      | Killed Curus's ghost
  2726 | D:4      | Reached skill level 1 in Invocations
  2746 | D:4      | Reached skill level 2 in Invocations
  2932 | D:5      | Entered Level 5 of the Dungeon
  2939 | D:5      | Found a snail-covered altar of Cheibriados.
  2984 | D:5      | Noticed Menkaure
  3003 | D:5      | Killed Menkaure
  3003 | D:5      | Reached skill level 3 in Invocations
  3003 | D:5      | Reached XP level 8. HP: 20/73 MP: 5/7
  3057 | D:5      | Found a shattered altar of Ashenzari.
  3160 | D:5      | Reached skill level 5 in Fighting
  3160 | D:5      | Reached skill level 4 in Invocations
  3312 | D:5      | Noticed a moth of wrath
  3315 | D:5      | Found a bloodstained altar of Trog.
  3337 | D:5      | Reached * piety under Makhleb
  3667 | D:5      | Found a deep blue altar of Sif Muna.
  3833 | D:6      | Reached skill level 5 in Invocations
  3960 | D:6      | Reached skill level 6 in Invocations
  4120 | D:6      | Noticed Blork the orc
  4133 | D:6      | Killed Blork the orc
  4133 | D:6      | Gained mutation: You passively map the area around you. [Deep Dwarf growth]
  4133 | D:6      | Reached XP level 9. HP: 51/81 MP: 8/8
  4483 | D:7      | Reached skill level 7 in Invocations
  4626 | D:7      | Noticed sithsevirus's ghost (novice GrFi)
  4660 | D:7      | Killed sithsevirus's ghost
  4660 | D:7      | Reached skill level 8 in Invocations
  4967 | D:7      | Reached ** piety under Makhleb
  5000 | D:7      | Reached skill level 10 in Axes
  5041 | D:7      | Reached skill level 9 in Invocations
  5041 | D:7      | Reached XP level 10. HP: 73/92 MP: 8/8
  5247 | D:8      | Noticed Mandevil's ghost (novice MfIE)
  5306 | D:8      | Killed Mandevil's ghost
  5364 | D:8      | Noticed a two-headed ogre
  5375 | D:8      | Killed a two-headed ogre
  5375 | D:8      | Reached skill level 10 in Invocations
  5653 | D:8      | Found Cywihiud's Assorted Antiques.
  5695 | D:8      | Found a shadowy altar of Dithmenos.
  5799 | D:9      | Reached *** piety under Makhleb
  5916 | D:9      | Found a snail-covered altar of Cheibriados.
  6181 | D:9      | Noticed a two-headed ogre
  6195 | D:9      | Killed a two-headed ogre
  6195 | D:9      | Reached skill level 11 in Invocations
  6279 | D:9      | Reached XP level 11. HP: 74/100 MP: 4/8
  6777 | D:10     | Entered Level 10 of the Dungeon
  6918 | D:10     | Noticed Urug
  6933 | D:10     | Reached **** piety under Makhleb
  6944 | D:10     | Killed Urug
  7043 | D:10     | Noticed a two-headed ogre
  7047 | D:10     | Killed a two-headed ogre
  7082 | D:10     | Noticed Joseph
  7096 | D:10     | Killed Joseph
  7096 | D:10     | Reached skill level 12 in Invocations
  7524 | D:11     | Noticed a death knight
  7524 | D:11     | Noticed a phantasmal warrior
  7726 | D:11     | Killed an unseen horror
  8159 | D:11     | Found a staircase to the Lair.
  8279 | Lair:1   | Entered Level 1 of the Lair of Beasts
  8366 | Lair:1   | Noticed an oklob plant
  8457 | Lair:1   | Reached skill level 13 in Invocations
  8539 | Lair:1   | Reached XP level 12. HP: 78/110 MP: 9/9
  8779 | Lair:1   | Reached skill level 10 in Shields
  9118 | Lair:2   | Reached ***** piety under Makhleb
  9233 | Lair:2   | Found a hole to the Spider Nest.
  9414 | Lair:2   | Reached skill level 14 in Invocations
  9937 | Lair:3   | Noticed a death yak
  9938 | Lair:3   | Noticed a death yak
  9940 | Lair:3   | Noticed a death yak
  9947 | Lair:3   | Killed a death yak
  9955 | Lair:3   | Killed a death yak
  9965 | Lair:3   | Killed a death yak
  9986 | Lair:3   | Found a staircase to the Swamp.
 10421 | Lair:3   | Noticed Gastronok
 10423 | Lair:3   | Noticed Fannar
 10429 | Lair:3   | Killed Gastronok
 10432 | Lair:3   | Killed Fannar
 11291 | Lair:4   | Reached XP level 13. HP: 80/121 MP: 12/12
 11513 | Lair:4   | Reached skill level 15 in Invocations
 12580 | Lair:6   | Entered Level 6 of the Lair of Beasts
 12863 | Lair:6   | Found a staircase to the Slime Pits.
 13127 | Lair:6   | Reached skill level 15 in Axes
 13127 | Lair:6   | Reached skill level 16 in Invocations
 13762 | Lair:6   | Gained mutation: You resist negative energy. (rN+) [Deep Dwarf growth]
 13762 | Lair:6   | Reached XP level 14. HP: 81/130 MP: 12/12
 13896 | Lair:6   | Reached skill level 10 in Fighting
 14646 | D:13     | Noticed Maurice
 15282 | D:13     | Killed Maurice
 15533 | D:13     | Found a white marble altar of Elyvilon.
 15641 | D:14     | Reached skill level 17 in Invocations
 15657 | D:14     | Found a gate to the Vaults.
 15684 | D:14     | Found a blossoming altar of Fedhas.
 16224 | D:14     | Found Imoam's Magic Scroll Emporium.
 16270 | D:14     | Bought a scroll of fear for 59 gold pieces
 16270 | D:14     | Bought a scroll of fear for 59 gold pieces
 16270 | D:14     | Bought a scroll of teleportation for 51 gold pieces
 16270 | D:14     | Bought a scroll of enchant weapon for 127 gold pieces
 16735 | D:15     | Entered Level 15 of the Dungeon
 16835 | D:15     | Noticed Sonja
 16842 | D:15     | Killed Sonja
 16891 | D:15     | Found a staircase to the Depths.
 17043 | D:15     | Reached skill level 18 in Invocations
 17300 | D:15     | Reached XP level 15. HP: 80/140 MP: 11/11
 17521 | D:15     | Reached ****** piety under Makhleb
 17952 | Swamp:1  | Entered Level 1 of the Swamp
 19307 | Swamp:2  | Noticed Donald
 19326 | Swamp:2  | Killed Donald
 19524 | Swamp:2  | Noticed Frances
 19534 | Swamp:2  | Killed Frances
 19691 | Swamp:3  | Reached skill level 19 in Invocations
 19749 | Swamp:3  | Found a bloodstained altar of Trog.
 19766 | Swamp:3  | Got a crude helmet
 19777 | Swamp:3  | Identified the +1 helmet of the Sun {+Blink rPois Str+4} (You found it on level 3 of the Swamp)
 19834 | Swamp:3  | Noticed Nikola
 19859 | Swamp:3  | Killed Nikola
 20090 | Swamp:3  | Noticed Louise
 20130 | Swamp:3  | Killed Louise
 20264 | Swamp:4  | Entered Level 4 of the Swamp
 20344 | Swamp:4  | Noticed a thorn hunter
 20368 | Swamp:4  | Killed a thorn hunter
 20560 | Swamp:4  | Reached XP level 16. HP: 151/151 MP: 9/9
 20719 | Swamp:4  | Noticed the 27-headed Lernaean hydra
 20830 | Swamp:4  | Killed the 26-headed Lernaean hydra
 20896 | Swamp:4  | Got a decaying rune of Zot
 21406 | Spider:1 | Entered Level 1 of the Spider Nest
 21476 | Spider:1 | Reached skill level 20 in Invocations
 21658 | Spider:1 | Noticed Rupert
 21663 | Spider:1 | Noticed Aizul
 21711 | Spider:1 | Killed Aizul
 21841 | Spider:1 | Paralysed by Rupert for 3 turns
 21845 | Spider:1 | Killed Rupert
 22860 | Spider:3 | Reached skill level 5 in Armour
 23376 | Spider:4 | Entered Level 4 of the Spider Nest
 23461 | Spider:4 | Reached skill level 21 in Invocations
 23637 | Spider:4 | Reached XP level 17. HP: 118/160 MP: 9/9
 23825 | Spider:4 | Identified a scroll of acquirement
 24824 | Spider:4 | Got a gossamer rune of Zot
 25145 | Vaults:1 | Entered Level 1 of the Vaults
 25497 | Vaults:1 | Reached skill level 22 in Invocations
 25537 | Vaults:1 | Reached skill level 15 in Shields
 25825 | Vaults:1 | Reached skill level 10 in Armour
 25944 | Vaults:1 | Gained mutation: You passively map a large area around you. [Deep Dwarf growth]
 25944 | Vaults:1 | Reached XP level 18. HP: 171/171 MP: 9/9
 26288 | Vaults:1 | Reached skill level 1 in Dodging
 26620 | Vaults:2 | Found Lukli's Assorted Antiques.
 26628 | Vaults:2 | Bought a potion of curing for 111 gold pieces
 26628 | Vaults:2 | Bought a scroll of blinking for 277 gold pieces
 26628 | Vaults:2 | Bought a potion of cancellation for 296 gold pieces
 26736 | Vaults:2 | Identified the -5 large shield "Onodoedo" {rElec Dex+3} (You acquired it on level 2 of the Vaults)
 27086 | Vaults:2 | Found a staircase to the Crypt.
 27086 | Vaults:2 | Found a basalt altar of Yredelemnul.
 27087 | Vaults:2 | Found an ancient bone altar of Kikubaaqudgha.
 27227 | Vaults:2 | Reached skill level 23 in Invocations
 27255 | Vaults:2 | Hit by a large rock thrown by a stone giant

Vault maps used:
D:1:      nicolae_arrival_kraken_aquarium_b, grunt_decor_mini_mirrors
D:2:      nemelex_xobeh_ov_fountains_minmay, yredelemnul_altar_generic,
          old_standard_altar, uniq_jessica
D:4:      old_standard_altar, temple_hall, dk_rats_in_the_wall
D:5:      led_sif_book, tgw_trog, first_ration, basic_altar, minivault_26,
          kennysheep_slug_shrine, uniq_menkaure
D:6:      uniq_blork_the_orc
D:7:      kennysheep_spiral_hall, the_bakery
D:8:      nicolae_overflow_crystal_walls, serial_shops, nicolae_shop_stone
D:9:      kennysheep_mini
D:10:     minivault_22, minivault_25, uniq_urug, uniq_joseph
D:11:     minmay_lair_entry_lava
D:12:     erik_rubicon_a, minmay_orc_entry_temple_small
D:13:     dk_noncrumbling_4, elyvilon_altar_4, uniq_maurice
D:14:     lightli_vaults_fourway_checkpoint, fedhas_altar_2, serial_shops, shop,
          serial_bayou, serial_bayou_lagoon_a, serial_bayou_lagoon_b,
          serial_bayou_lake_a, serial_bayou_ford_a, small_statue_intersection,
          minmay_librarian
D:15:     hangedman_depths_entry_try_elsewhere_first, kennysheep_pointless_box,
          uniq_sonja
Temple:   dpeg_chambers_temple
Lair:1:   cheibrodos_lair_caveside_slide, beast_lair_carwin_6,
          minmay_lair_oklob_chamber
Lair:2:   nicolae_spider_entry_non_spiders, beast_lair_carwin_11,
          serial_bayou_shore_a
Lair:3:   swamp_mist_pool, grunt_megastairs_2, lemuel_fruit_fields,
          lemuel_fruit_tree, lemuel_fruit_fields, uniq_gastronok, uniq_fannar
Lair:4:   bobbens_ice_dragon_lair
Lair:6:   minmay_lair_end_enchanted_forest, minmay_slime_entry_jelly_boxes,
          grunt_forest_large_clearings
Swamp:1:  nicolae_swamp_treefoil
Swamp:2:  hangedman_swamp_diagram, uniq_donald, uniq_frances
Swamp:3:  nicolae_swamp_godswood, infiniplex_staircase_pool, uniq_bai_suzhen,
          uniq_nikola, uniq_louise
Swamp:4:  swamp_old_school, roderic_carrion_pond
Spider:1: uniq_aizul, uniq_rupert
Spider:2: spider_trap, nicolae_spider_webbed_stairs
Spider:3: spider_trap, guppyfry_spider_mini_1
Spider:4: floodkiller_spider_rune_tomb
Vaults:1: ontoclasm_vaults_bender, nicolae_vaults_windows_and_doors_thing,
          nicolae_vaults_diagonal_hallway_9, nicolae_vaults_yaktaur_gun_rack,
          hangedman_vaults_stagger, hangedman_vaults_stitches,
          ontoclasm_vaults_decontamination, nicolae_vaults_asterisk,
          nicolae_vaults_network_star, hangedman_vaults_stream,
          dpeg_vaults_waves, vaults_dpeg_ring
Vaults:2: hangedman_vaults_nails, hangedman_vaults_trim,
          minmay_crypt_entry_necro_gods, st_octagons_1, v_misc_31,
          nicolae_vaults_hallways_thing, ontoclasm_vaults_pinch, v_misc_11,
          v_misc_15, vaults_mumra_hexcomb, vaults_room_large_hall,
          grunt_vaults_funnel, vaults_dpeg_cross, serial_shops, shop

Skill      XL: |  1  2  3  4  5  6  7  8  9 10 11 12 13 14 15 16 17 18 |
---------------+-------------------------------------------------------+-----
Axes           | 3 4 5 6 7 8 10 11 12 14 15 16 17 18 | 18.0
Fighting       | 3 4 5 6 7 8 9 10 11 12 13 | 13.7
Shields        | 4 5 6 7 8 9 10 11 12 13 14 15 | 15.0
Invocations    | 3 6 9 11 13 14 16 18 19 21 22 23 | 23.0
Armour         | 6 10 11 | 11.0
Dodging        | 3 |  3.6

Action                   |  1- 3 |  4- 6 |  7- 9 | 10-12 | 13-15 | 16-18 || total
-------------------------+-------+-------+-------+-------+-------+-------++-------
Melee: War axe           |   115 |   169 |   463 |   369 |       |       ||  1116
       Broad axe         |       |       |       |   521 |  1556 |  1370 ||  3447
Invok: Lesser Servant of |       |       |       |     7 |    30 |     6 ||    43
       Greater Servant o |       |       |       |       |       |     6 ||     6
 Abil: Heal Wounds       |     1 |     7 |    18 |    17 |    40 |    17 ||   100
Evoke: Wand              |       |       |       |     2 |    17 |       ||    19
  Use: Scroll            |       |       |     3 |       |    35 |    12 ||    50
       Potion            |       |       |       |       |     2 |     7 ||     9
 Stab: Distracted        |       |       |       |       |     4 |     1 ||     5
       Paralysed         |       |       |       |       |     1 |       ||     1
       Confused          |       |       |       |       |     1 |       ||     1
  Eat: Chunk             |       |     5 |    10 |    24 |    21 |    14 ||    74
       Ration            |       |       |       |     4 |     3 |     3 ||    10
Armor: Scale mail        |    64 |    80 |       |       |       |       ||   144
       Chain mail        |       |    45 |   148 |       |   144 |   648 ||   985
       Plate armour      |       |       |    60 |   541 |   563 |       ||  1164
Dodge: Dodged            |    41 |    60 |    90 |   164 |   295 |   367 ||  1017
Block: Shield            |    63 |    92 |   247 |   714 |  1506 |  1265 ||  3887
       Reflection        |       |       |       |       |    19 |    29 ||    48
       Other             |       |       |       |       |     1 |       ||     1

Table legend:
 A = Spawn XP
 B = Non-spawn XP
 C = Spawn XP percentage of total XP
 D = Spawn monster count
 E = Non-spawn monster count
 F = Spawn count percentage of total count
 G = Total turns spent on level
                    A         B        C        D         E        F      G
               +---------+---------+-------+---------+---------+-------+---------
         Total |       0 |  335273 |   0.0 |       0 |    1118 |   0.0 | 27255
               +---------+---------+-------+---------+---------+-------+---------
           D:1 |       0 |      38 |   0.0 |       0 |      25 |   0.0 |   460
           D:2 |       0 |     229 |   0.0 |       0 |      22 |   0.0 |   917
           D:3 |       0 |     451 |   0.0 |       0 |      35 |   0.0 |   842
           D:4 |       0 |     513 |   0.0 |       0 |      20 |   0.0 |   485
           D:5 |       0 |     726 |   0.0 |       0 |      19 |   0.0 |   841
           D:6 |       0 |     933 |   0.0 |       0 |      27 |   0.0 |   503
           D:7 |       0 |    2897 |   0.0 |       0 |      31 |   0.0 |   959
           D:8 |       0 |    2862 |   0.0 |       0 |      33 |   0.0 |   556
           D:9 |       0 |    3709 |   0.0 |       0 |      32 |   0.0 |   986
          D:10 |       0 |    3465 |   0.0 |       0 |      30 |   0.0 |   803
          D:11 |       0 |    5811 |   0.0 |       0 |      38 |   0.0 |   840
          D:12 |       0 |     679 |   0.0 |       0 |       8 |   0.0 |   368
          D:13 |       0 |    3704 |   0.0 |       0 |      18 |   0.0 |   978
          D:14 |       0 |   15722 |   0.0 |       0 |      49 |   0.0 |  1192
          D:15 |       0 |   18261 |   0.0 |       0 |      33 |   0.0 |  1071
        Lair:1 |       0 |    4024 |   0.0 |       0 |      22 |   0.0 |   950
        Lair:2 |       0 |    6771 |   0.0 |       0 |      40 |   0.0 |   970
        Lair:3 |       0 |    5732 |   0.0 |       0 |      13 |   0.0 |  1162
        Lair:4 |       0 |    4253 |   0.0 |       0 |      20 |   0.0 |   834
        Lair:5 |       0 |    3745 |   0.0 |       0 |      20 |   0.0 |   976
        Lair:6 |       0 |   23591 |   0.0 |       0 |     120 |   0.0 |  1253
       Swamp:1 |       0 |   10290 |   0.0 |       0 |      22 |   0.0 |   810
       Swamp:2 |       0 |   11110 |   0.0 |       0 |      27 |   0.0 |   886
       Swamp:3 |       0 |   14551 |   0.0 |       0 |      34 |   0.0 |   639
       Swamp:4 |       0 |   24020 |   0.0 |       0 |      42 |   0.0 |  1068
      Spider:1 |       0 |   13416 |   0.0 |       0 |      31 |   0.0 |   716
      Spider:2 |       0 |   12058 |   0.0 |       0 |      38 |   0.0 |   685
      Spider:3 |       0 |   12842 |   0.0 |       0 |      36 |   0.0 |   632
      Spider:4 |       0 |   43039 |   0.0 |       0 |      98 |   0.0 |  1535
      Vaults:1 |       0 |   60372 |   0.0 |       0 |      89 |   0.0 |  1441
      Vaults:2 |       0 |   25459 |   0.0 |       0 |      46 |   0.0 |   669
               +---------+---------+-------+---------+---------+-------+---------
